 Dungeon Crawl Stone Soup version 0.31-a0-246-g8cbcc1cb85 (webtiles) character file.

Game seed: 16984734608001667466

10607 qw the Skirmisher (level 11, -16/71 HPs)
             Began as a Gargoyle Hexslinger on July 12, 2023.
             Was a High Priest of Okawaru.
             Demolished by a two-headed ogre
             ... wielding a +0 giant spiked club
              (22 damage)
             ... on level 10 of the Dungeon.
             The game lasted 00:03:34 (7436 turns).

qw the Skirmisher (Gargoyle Hexslinger)             Turns: 7436, Time: 00:03:35

Health: -16/71     AC: 19    Str: 11    XL:     11   Next: 64%
Magic:  16/16      EV: 16    Int: 18    God:    Okawaru [*****.]
Gold:   360        SH:  0    Dex: 16    Spells: 11/12 levels left

rFire   + + .        Y - +0 hand crossbow (drain)
rCold   + . .        (no shield)
rNeg    + . .        t - +0 troll leather armour
rPois   inf          (no helmet)
rElec   +            b - scarf {rC+ rF+}
rCorr   +            k - +0 pair of gloves
SInv    .            (no boots)
Will    .....        r - amulet of faith
Stlth   +++          c - ring of the Jester {rPois rF+ rCorr Int+3}
HPRegen 1.11/turn    q - +4 ring of protection
MPRegen 0.15/turn

%: faith
@: about to teleport, heroic, slowed, very slow
A: sickness immunity, AC +8, negative energy resistance 1, electricity
resistance, torment resistance 1, petrification resistance
a: Renounce Religion, Heroism, Finesse, Duel


You were on level 10 of the Dungeon.
You worshipped Okawaru.
Okawaru was extremely pleased with you.
You visited 1 branch of the dungeon, and saw 10 of its levels.

You collected 471 gold pieces.
You spent 111 gold pieces at shops.


Innate Abilities, Weirdness & Mutations

You are immune to sickness and miasma.
Your stone body is resilient. (AC +8)
You are immune to poison.
You resist negative energy. (rN+)
You are resistant to electric shocks. (rElec)
You are resistant to unholy torment.
You are immune to petrification.


   Skills:
 - Level 9.1(14.1) Fighting
 + Level 13.2(18.2) Ranged Weapons
 - Level 4.5(9.5) Armour
 - Level 4.1(9.1) Dodging
 - Level 1.0 Spellcasting
 - Level 2.6 Hexes
 + Level 7.3 Invocations


You had 11 spell levels left.
You knew the following spells:

 Your Spells              Type           Power      Damage    Failure   Level
a - Slow                  Hex            40%        N/A       9%          1

Your spell library contained the following spells:

 Spells                   Type           Power      Damage    Failure   Level
 Inner Flame              Hex/Fire       5%         N/A       38%         3
 Portal Projectile        Hex/Tloc       10%        N/A       38%         3
 Cause Fear               Hex            5%         N/A       63%         4

Inventory:

Hand Weapons
 Y - a +0 hand crossbow of draining (weapon)
Armour
 b - a scarf of resistance (worn)
 k - a +0 pair of gloves (worn)
 n - a +0 cloak
 t - a +0 troll leather armour (worn)
Jewellery
 c - the ring of the Jester (left hand) {rPois rF+ rCorr Int+3}
   (You acquired it on level 3 of the Dungeon)

   [ring of resist corrosion]

   Int:       It affects your intelligence (+3).
   rF:        It protects you from fire.
   rPois:     It protects you from poison.
   rCorr:     It protects you from acid and corrosion.
 m - an amulet of the acrobat
 q - a +4 ring of protection (right hand)
 r - an amulet of faith (around neck)
Scrolls
 j - a scroll of identify
Potions
 a - 3 potions of mutation
 e - a potion of might {unknown}
 f - a potion of enlightenment
 h - 3 potions of cancellation
 i - a potion of haste
 l - a potion of heal wounds {unknown}
 o - 2 potions of curing
 p - a potion of invisibility {unknown}

Dungeon Overview and Level Annotations

Branches:
Dungeon (10/15)            Temple (0/1) D:4
   Lair: D:8-11         Orc: D:9-12

Altars:
Elyvilon
Gozag
Hepliaklqana
Kikubaaqudgha
Okawaru
Ru
Sif Muna
Trog
Yredelemnul
The Shining One

Shops:
D:5 [

Annotations:
D:3 1 runed translucent door, qw's ghost, weakling MiHs
D:4 3 runed translucent doors, qw's ghost, amateur MiHs
D:8 1 runed translucent door


Message History

The wraith completely misses you. The wraith misses you.
Josephine hits you but does no damage. The wraith hits you but does no damage.
You shoot a bolt. The bolt hits Josephine!
You kill Josephine!
Okawaru is honoured by your kill.
You can now enter into single combat with a foe.
Okawaru will now gift you equipment as you gain piety.
Okawaru grants you throwing weapons! Something appears at your feet!
Your life force feels restored.
Your Invocations skill increases to level 7!
You shoot a bolt. The bolt hits the two-headed ogre!
You drain the two-headed ogre.
The two-headed ogre is moderately wounded.
The wraith misses you. The wraith barely misses you.
The two-headed ogre misses you. The two-headed ogre closely misses you.
The wraith barely misses you. The wraith completely misses you.
You shoot a bolt. The bolt hits the two-headed ogre.
The two-headed ogre is moderately wounded.
The two-headed ogre hits you with a +0 giant spiked club!
The two-headed ogre barely misses you. The wraith misses you.
The wraith hits you but does no damage.
The two-headed ogre hits you with a +0 giant spiked club.
The two-headed ogre hits you with a +0 giant club!
The wraith hits you but does no damage. The wraith hits you.
The wraith drains your vigour!
You feel as though you will be slow longer.
7435 ||| READING scroll of teleportation.
As you read the scroll of teleportation, it crumbles to dust.
You feel strangely unstable. The wraith barely misses you.
The wraith hits you but does no damage. The two-headed ogre barely misses you.
The two-headed ogre closely misses you.
You shoot a bolt. The bolt hits the two-headed ogre!
The two-headed ogre is moderately wounded.
The wraith hits you! The wraith drains your vigour!
You feel as though you will be slow longer.
The wraith closely misses you. The wraith misses you.
The wraith barely misses you.
The two-headed ogre hits you with a +0 giant spiked club!!
You die...

.. ############ #'##
.##..#.....## ###...###
......#....#.. #........
......#....#!. #........
#....
......#....#.!!#........
#....
......#....#..%#OW......
.... .....##....#.%..@W#
. #...
####'##....#!.!#%%#
..##...##
##...##....#####..#
.........
#....#.....%.%%...#
.........
####........%)....#
........W
....~~~~~~~.......#
..##.....
~~~~......~.......#
....#....
....#####.~.#..####
...).#..#
####....#.~.#..# .
...###.


You could see a two-headed ogre (drained) and 2 wraiths.

Vanquished Creatures
  Josephine (D:10)
  4 two-headed ogres
  Pikel (D:7)
  An ugly thing (D:9)
  Maggie (D:7)
  A kobold demonologist (D:9)
  A troll (D:9)
  A hornet (D:9)
  A queen bee (D:10)
  Grinder (D:4)
  2 wraiths (D:9)
  4 yaks
  A wyvern (D:9)
  A steam dragon (D:9)
  An acid dragon (D:9)
  A water moccasin (D:5)
  6 orc warriors
  6 black bears
  An ice beast (D:7)
  An ogre (D:6)
  A centaur (D:9)
  3 phantoms (D:5)
  4 kobold brigands
  2 bullfrogs
  A gnoll sergeant (D:9)
  2 necrophages (D:6)
  A water moccasin zombie (D:6)
  A scorpion (D:4)
  A wight (D:6)
  18 killer bees
  5 howler monkeys
  A bullfrog zombie (D:6)
  A human zombie (D:6)
  2 gnoll boudas (D:7)
  3 hounds
  An orc priest (D:9)
  2 iguanas
  7 orc wizards
  A killer bee zombie (D:6)
  4 mummies (D:6)
  A howler monkey zombie (D:6)
  11 gnolls
  8 adders
  A shadow imp (D:7)
  2 white imps
  An ufetubus (D:4)
  A worm (D:3)
  2 dart slugs (D:1)
  29 orcs
  9 endoplasms
  2 giant cockroaches
  13 goblins
  6 hobgoblins
  9 jackals
  3 quokkas
  5 ball pythons
  3 bats
  4 frilled lizards
  37 kobolds
245 creatures vanquished.

Vanquished Creatures (others)
  An orc wizard (D:9)
1 creature vanquished.

Grand Total: 246 creatures vanquished

Notes
Turn   | Place    | Note
-------+----------+-------------------------------------------
     0 | D:1      | qw the Gargoyle Hexslinger began the quest for the Orb.
     0 | D:1      | Reached XP level 1. HP: 12/12 MP: 2/2
     0 | D:1      | 0 ||| qw: Version: 0.3-a-52-g30416fa
     0 | D:1      | 0 ||| qw: Game counter: 6436
     0 | D:1      | 0 ||| qw: Melee chars always use a shield: true
     0 | D:1      | 0 ||| qw: God list: Okawaru
     0 | D:1      | 0 ||| qw: Allow faded altars: false
     0 | D:1      | 0 ||| qw: Do Orc after clearing Dungeon:15 true
     0 | D:1      | 0 ||| qw: Do second Lair branch before Depths: true
     0 | D:1      | 0 ||| qw: Lair rune preference: random
     0 | D:1      | 0 ||| qw: Goals: Normal
     0 | D:1      | 0 ||| PLANNING D:1-11
   200 | D:1      | Reached XP level 2. HP: 16/16 MP: 3/3
   288 | D:1      | Reached skill level 3 in Ranged Weapons
   346 | D:1      | 346 ||| SWAPPING to +0 hand crossbow of draining.
   347 | D:1      | 347 ||| DROPPING +1 sling.
   507 | D:1      | Reached XP level 3. HP: 21/21 MP: 4/4
   608 | D:1      | 608 ||| READING scroll labelled BOLLEZ SEPOHIA.
   609 | D:1      | 609 ||| READING scroll labelled ATUSIOTEPS.
   610 | D:1      | 610 ||| READING scroll labelled UPINUCL UHIED.
   611 | D:1      | 611 ||| DRINKING 2 coppery potions.
   612 | D:1      | 612 ||| DROPPING scroll of poison.
   613 | D:1      | 613 ||| DROPPING potion of attraction.
   960 | D:2      | 960 ||| UPGRADING to scarf of resistance.
  1046 | D:3      | Found an iron altar of Okawaru.
  1047 | D:3      | 1047 ||| PLANNING OKAWARU WORSHIP
  1054 | D:3      | Became a worshipper of Warmaster Okawaru
  1055 | D:3      | 1055 ||| PLANNING D:1-11
  1118 | D:3      | Found an opulent altar of Gozag.
  1132 | D:3      | Reached XP level 4. HP: 24/26 MP: 5/5
  1145 | D:3      | 1145 ||| FLEEEEING.
  1146 | D:3      | 1146 ||| FLEEEEING.
  1147 | D:3      | 1147 ||| FLEEEEING.
  1148 | D:3      | 1148 ||| FLEEEEING.
  1149 | D:3      | 1149 ||| FLEEEEING.
  1150 | D:3      | 1150 ||| FLEEEEING.
  1151 | D:3      | 1151 ||| FLEEEEING.
  1152 | D:3      | 1152 ||| FLEEEEING.
  1153 | D:3      | 1153 ||| FLEEEEING.
  1154 | D:3      | 1154 ||| FLEEEEING.
  1157 | D:3      | Reached skill level 4 in Ranged Weapons
  1354 | D:3      | Found a runed translucent door.
  1357 | D:3      | Noticed qw's ghost (weakling MiHs)
  1468 | D:3      | Found a faded altar of an unknown god.
  1762 | D:3      | 1762 ||| UPGRADING to +0 leather armour.
  1772 | D:3      | 1772 ||| DROPPING +0 robe.
  1773 | D:3      | 1773 ||| UPGRADING to +0 pair of gloves.
  1778 | D:3      | 1778 ||| UPGRADING to +0 ring mail.
  1788 | D:3      | 1788 ||| DROPPING +0 leather armour.
  1789 | D:3      | 1789 ||| READING scroll labelled HOOMIRCH VEKH.
  1790 | D:3      | 1790 ||| READING scroll labelled RIBIUQEUHI.
  1790 | D:3      | Identified a scroll of acquirement
  1790 | D:3      | 1790 ||| ACQUIRING ring of the Jester {rPois rF+ rCorr
                  | Int+3}
  1790 | D:3      | Acquired the ring of the Jester {rPois rF+ rCorr Int+3}
  1792 | D:3      | 1792 ||| UPGRADING to ring of the Jester {rPois rF+ rCorr
                  | Int+3}.
  1793 | D:3      | 1793 ||| READING scroll labelled CILAM HOME ETI.
  1798 | D:3      | 1798 ||| DRINKING 4 metallic emerald potions.
  1831 | D:3      | 1831 ||| DRINKING 2 purple potions.
  1832 | D:3      | 1832 ||| DROPPING 3 potions of lignification.
  1888 | D:4      | Found a runed translucent gate.
  1889 | D:4      | Found a runed translucent gate.
  1889 | D:4      | Noticed a scorpion
  1889 | D:4      | Noticed qw's ghost (amateur MiHs)
  1890 | D:4      | Found a runed translucent gate.
  1893 | D:4      | Noticed a sky beast
  1928 | D:4      | Found a hazy altar of Hepliaklqana.
  2045 | D:4      | Noticed Grinder
  2046 | D:4      | Paralysed by Grinder for 5 turns
  2057 | D:4      | Paralysed by Grinder for 2 turns
  2060 | D:4      | Killed Grinder
  2060 | D:4      | Reached * piety under Okawaru
  2061 | D:4      | Reached XP level 5. HP: 23/30 MP: 6/6
  2061 | D:4      | Reached XP level 6. HP: 27/35 MP: 7/7
  2213 | D:4      | 2213 ||| INVOKING Heroism.
  2222 | D:4      | Reached skill level 1 in Invocations
  2222 | D:4      | 2222 ||| FLEEEEING.
  2223 | D:4      | 2223 ||| FLEEEEING.
  2233 | D:4      | 2233 ||| INVOKING Heroism.
  2263 | D:4      | Reached skill level 5 in Ranged Weapons
  2309 | D:4      | Found a staircase to the Ecumenical Temple.
  2402 | D:4      | Identified the +2 robe of a Labyrinth {Stlth+}
  2436 | D:4      | Reached XP level 7. HP: 39/40 MP: 8/8
  2502 | D:4      | 2502 ||| Stepping ~*~*~tactically~*~*~ (outnumbered).
  2509 | D:4      | 2509 ||| Stepping ~*~*~tactically~*~*~ (outnumbered).
  2510 | D:4      | 2510 ||| Stepping ~*~*~tactically~*~*~ (outnumbered).
  2517 | D:4      | 2517 ||| Stepping ~*~*~tactically~*~*~ (outnumbered).
  2521 | D:4      | Reached skill level 3 in Fighting
  2525 | D:4      | 2525 ||| INVOKING Heroism.
  2557 | D:4      | 2557 ||| FLEEEEING.
  2858 | D:4      | 2858 ||| UPGRADING to +2 robe of a Labyrinth {Stlth+}.
  2868 | D:4      | 2868 ||| DROPPING +0 ring mail.
  2869 | D:4      | 2869 ||| READING 2 scrolls of identify.
  2869 | D:4      | 2869 ||| IDENTIFYING murky dark potion
  2883 | D:5      | Entered Level 5 of the Dungeon
  2902 | D:5      | 2902 ||| INVOKING Heroism.
  2967 | D:5      | Reached skill level 3 in Invocations
  3004 | D:5      | Reached skill level 6 in Ranged Weapons
  3014 | D:5      | Found Gyuski's Antique Armour Shop.
  3018 | D:5      | 3018 ||| BUYING glowing robe (111 gold).
  3018 | D:5      | Bought a glowing robe for 111 gold pieces
  3018 | D:5      | 3018 ||| SHOPLISTING heavy robe (171 gold, have 116).
  3018 | D:5      | 3018 ||| SHOPLISTING helmet (135 gold, have 116).
  3241 | D:5      | Reached XP level 8. HP: 37/47 MP: 9/11
  3242 | D:5      | 3242 ||| FLEEEEING.
  3243 | D:5      | 3243 ||| FLEEEEING.
  3244 | D:5      | 3244 ||| FLEEEEING.
  3245 | D:5      | 3245 ||| FLEEEEING.
  3246 | D:5      | 3246 ||| FLEEEEING.
  3247 | D:5      | 3247 ||| FLEEEEING.
  3248 | D:5      | 3248 ||| FLEEEEING.
  3249 | D:5      | 3249 ||| FLEEEEING.
  3250 | D:5      | 3250 ||| FLEEEEING.
  3251 | D:5      | 3251 ||| FLEEEEING.
  3252 | D:5      | 3252 ||| FLEEEEING.
  3253 | D:5      | 3253 ||| FLEEEEING.
  3254 | D:5      | 3254 ||| FLEEEEING.
  3255 | D:5      | 3255 ||| FLEEEEING.
  3256 | D:5      | 3256 ||| FLEEEEING.
  3258 | D:5      | 3258 ||| FLEEEEING.
  3721 | D:5      | 3721 ||| DROPPING +0 robe of willpower.
  3722 | D:5      | 3722 ||| UPGRADING to amulet of the acrobat.
  3727 | D:5      | 3727 ||| READING scroll labelled TODIXO EBBELAI.
  3763 | D:5      | 3763 ||| READING scroll labelled POWOEXIDAUPP.
  3764 | D:5      | 3764 ||| READING 3 scrolls of identify.
  3764 | D:5      | 3764 ||| IDENTIFYING glowing ruby potion
  3765 | D:5      | 3765 ||| READING 2 scrolls of identify.
  3765 | D:5      | 3765 ||| IDENTIFYING grey potion
  3766 | D:5      | 3766 ||| DROPPING potion of ambrosia.
  3793 | D:6      | 3793 ||| STAIRDANCE
  3800 | D:5      | 3800 ||| INVOKING Heroism.
  3898 | D:6      | 3898 ||| INVOKING Heroism.
  3919 | D:6      | 3919 ||| INVOKING Heroism.
  3923 | D:6      | Reached skill level 7 in Ranged Weapons
  3928 | D:6      | 3928 ||| FLEEEEING.
  3929 | D:6      | 3929 ||| INVOKING Heroism.
  4070 | D:6      | 4070 ||| INVOKING Heroism.
  4073 | D:6      | Reached skill level 8 in Ranged Weapons
  4121 | D:6      | 4121 ||| INVOKING Heroism.
  4128 | D:6      | Reached XP level 9. HP: 53/53 MP: 10/12
  4151 | D:6      | Identified the +1 scale mail "Fioffecu" {rF+ Dex+2}
  4223 | D:6      | Found an ancient bone altar of Kikubaaqudgha.
  4237 | D:6      | 4237 ||| INVOKING Heroism.
  4422 | D:6      | Reached skill level 9 in Ranged Weapons
  4491 | D:6      | 4491 ||| UPGRADING to +4 ring of protection.
  4492 | D:6      | 4492 ||| READING scroll labelled OMAT CIUTITZ.
  4493 | D:6      | 4493 ||| READING scroll labelled PYPOCK LOCIY.
  4494 | D:6      | 4494 ||| READING 2 scrolls of identify.
  4494 | D:6      | 4494 ||| IDENTIFYING green potion
  4495 | D:6      | 4495 ||| DROPPING potion of brilliance.
  4639 | D:7      | Found a sacrificial altar of Ru.
  4647 | D:7      | 4647 ||| INVOKING Heroism.
  4650 | D:7      | 4650 ||| Stepping ~*~*~tactically~*~*~ (outnumbered).
  4662 | D:7      | Reached skill level 6 in Fighting
  4763 | D:7      | Reached ** piety under Okawaru
  4816 | D:7      | 4816 ||| Stepping ~*~*~tactically~*~*~ (outnumbered).
  4818 | D:7      | 4818 ||| Stepping ~*~*~tactically~*~*~ (outnumbered).
  4820 | D:7      | 4820 ||| Stepping ~*~*~tactically~*~*~ (outnumbered).
  4821 | D:7      | 4821 ||| INVOKING Heroism.
  4830 | D:7      | Noticed Pikel
  4834 | D:7      | 4834 ||| INVOKING Heroism.
  4838 | D:7      | Killed Pikel
  4839 | D:7      | Reached skill level 10 in Ranged Weapons
  4975 | D:7      | Noticed Maggie
  4985 | D:7      | Killed Maggie
  4985 | D:7      | Reached *** piety under Okawaru
  4986 | D:7      | Reached skill level 3 in Dodging
  4986 | D:7      | Reached XP level 10. HP: 60/60 MP: 13/13
  4986 | D:7      | 4986 ||| INVOKING Heroism.
  5027 | D:7      | 5027 ||| Stepping ~*~*~tactically~*~*~ (outnumbered).
  5029 | D:7      | 5029 ||| Stepping ~*~*~tactically~*~*~ (outnumbered).
  5032 | D:7      | 5032 ||| INVOKING Heroism.
  5033 | D:7      | 5033 ||| Stepping ~*~*~tactically~*~*~ (outnumbered).
  5427 | D:7      | 5427 ||| UPGRADING to +0 steam dragon scales.
  5437 | D:7      | 5437 ||| DROPPING +2 robe of a Labyrinth {Stlth+}.
  5438 | D:7      | 5438 ||| UPGRADING to amulet of faith.
  5448 | D:7      | 5448 ||| DRINKING 2 sapphire potions.
  5552 | D:7      | 5552 ||| DROPPING potion of berserk rage.
  5655 | D:8      | Reached skill level 11 in Ranged Weapons
  5781 | D:8      | Noticed a two-headed ogre
  5782 | D:8      | 5782 ||| INVOKING Heroism.
  5791 | D:8      | Killed a two-headed ogre
  5854 | D:8      | 5854 ||| INVOKING Heroism.
  5982 | D:8      | Found a runed translucent door.
  5985 | D:8      | Found a basalt altar of Yredelemnul.
  6060 | D:8      | 6060 ||| READING 2 scrolls of identify.
  6060 | D:8      | 6060 ||| IDENTIFYING golden potion
  6061 | D:8      | 6061 ||| DROPPING potion of degeneration.
  6079 | D:9      | Noticed a kobold demonologist
  6086 | D:9      | Killed a kobold demonologist
  6173 | D:9      | 6173 ||| Stepping ~*~*~tactically~*~*~ (outnumbered).
  6174 | D:9      | 6174 ||| Stepping ~*~*~tactically~*~*~ (outnumbered).
  6187 | D:9      | Noticed a two-headed ogre
  6188 | D:9      | 6188 ||| FLEEEEING.
  6189 | D:9      | 6189 ||| FLEEEEING.
  6190 | D:9      | 6190 ||| FLEEEEING.
  6191 | D:9      | 6191 ||| FLEEEEING.
  6194 | D:9      | 6194 ||| FLEEEEING.
  6195 | D:9      | 6195 ||| FLEEEEING.
  6206 | D:9      | 6206 ||| INVOKING Heroism.
  6210 | D:9      | Killed a two-headed ogre
  6210 | D:9      | Reached **** piety under Okawaru
  6211 | D:9      | Reached skill level 12 in Ranged Weapons
  6257 | D:9      | Found a shimmering blue altar of Sif Muna.
  6382 | D:9      | 6382 ||| INVOKING Heroism.
  6520 | D:9      | 6520 ||| INVOKING Heroism.
  6668 | D:9      | Found a white marble altar of Elyvilon.
  6735 | D:9      | Noticed a two-headed ogre
  6736 | D:9      | 6736 ||| INVOKING Heroism.
  6742 | D:9      | Killed a two-headed ogre
  6743 | D:9      | Reached XP level 11. HP: 68/68 MP: 11/14
  6762 | D:9      | 6762 ||| INVOKING Heroism.
  6770 | D:9      | Reached skill level 13 in Ranged Weapons
  6772 | D:9      | 6772 ||| FLEEEEING.
  6882 | D:9      | Noticed a brown ugly thing
  6892 | D:9      | 6892 ||| INVOKING Heroism.
  6897 | D:9      | Killed a brown ugly thing
  7189 | D:9      | 7189 ||| UPGRADING to +0 troll leather armour.
  7199 | D:9      | 7199 ||| DROPPING +0 steam dragon scales.
  7200 | D:9      | 7200 ||| READING scroll labelled MEOTHO URYXI.
  7201 | D:9      | 7201 ||| READING scroll labelled ULO IPROILOPN.
  7202 | D:9      | 7202 ||| READING scroll labelled UWESUJ KAFUUR.
  7203 | D:9      | 7203 ||| READING 2 scrolls of identify.
  7203 | D:9      | 7203 ||| IDENTIFYING orange potion
  7207 | D:10     | Entered Level 10 of the Dungeon
  7227 | D:10     | Found a bloodstained altar of Trog.
  7230 | D:10     | Found a glowing golden altar of the Shining One.
  7292 | D:10     | 7292 ||| INVOKING Heroism.
  7294 | D:10     | Reached skill level 6 in Invocations
  7308 | D:10     | 7308 ||| INVOKING Heroism.
  7308 | D:10     | HP: 17/69 [killer bee (3)]
  7309 | D:10     | 7309 ||| READING 3 scrolls of teleportation.
  7309 | D:10     | HP: 8/69 [killer bee (9)]
  7311 | D:10     | Noticed Josephine
  7312 | D:10     | 7312 ||| READING 2 scrolls of teleportation.
  7312 | D:10     | Noticed a two-headed ogre
  7383 | D:10     | 7383 ||| INVOKING Heroism.
  7389 | D:10     | Killed a two-headed ogre
  7390 | D:10     | Reached skill level 9 in Fighting
  7413 | D:10     | Reached ***** piety under Okawaru
  7427 | D:10     | Noticed a two-headed ogre
  7428 | D:10     | 7428 ||| INVOKING Heroism.
  7432 | D:10     | Killed Josephine
  7432 | D:10     | Received a gift from Okawaru
  7434 | D:10     | HP: 14/71 [two-headed ogre/+0 giant spiked club (13)]
  7435 | D:10     | 7435 ||| READING scroll of teleportation.
  7436 | D:10     | HP: 6/71 [wraith[Josephine] (7)]
  7436 | D:10     | Demolished by a two-headed ogre

Levels and vault maps discovered:
D:1:      psy_arrival_whirlpool, layout_loops_ring
D:2:      layout_rooms
D:3:      layout_basic, okawaru_trees_1, grunt_gozag_statues,
          ebering_ecumenical_altar_box, gammafunk_ghost_grave, hex_large,
          grunt_decor_resistance, minmay_goblin_outpost
D:4:      kennysheep_kobold_camp, layout_basic, nzn_hepliaklqana_mist_gate,
          temple_doors_e, gammafunk_ghost_split, uniq_grinder
D:5:      layout_basic, serial_shops, shop
D:6:      layout_rooms, lemuel_mausoleum_altar_kikubaaqudgha
D:7:      nicolae_cairo_tiling, layout_basic, nicolae_ru_sacrificial_ziggurat,
          uniq_pikel, uniq_maggie, uniq_crazy_yiuf_cottage
D:8:      layout_basic, dk_yredelemnul_ordeal
D:9:      wad_guarded_room, layout_irregular_city, kennysheep_mini,
          mainiacjoe_overflow_alcove_4
D:10:     layout_gridville, nicolae_overflow_squiral, orc_0_dummy, special_room
          [special_room_bee], serial_shops, shop, minmay_misc_feat_chi,
          uniq_josephine, uniq_lodul

Skill      XL: |  1  2  3  4  5  6  7  8  9 10 11 |
---------------+----------------------------------+-----
Ranged Weapons | 3 4 5 6 8 10 12 13 | 13.2
Fighting       | 2 3 4 6 8 9 |  9.1
Armour         | 4 |  4.5
Invocations    | 1 4 7 |  7.3
Dodging        | 2 3 4 |  4.1
Spellcasting   | |  1.0
Hexes          | |  2.6

Action                     |  1- 3 |  4- 6 |  7- 9 | 10-12 || total
---------------------------+-------+-------+-------+-------++-------
   Fire: Sling             |    48 |       |       |       ||    48
         Hand crossbow     |    35 |   121 |   247 |   266 ||   669
 Invoke: Heroism           |       |     2 |    12 |    14 ||    28
    Use: Scroll            |     3 |     3 |     8 |     8 ||    22
         Potion            |     1 |     2 |       |     1 ||     4
 Armour: Robe              |    17 |     8 |    61 |    11 ||    97
         Ring mail         |       |    51 |    37 |       ||    88
         Steam dragon scal |       |       |       |    49 ||    49
         Troll leather arm |       |       |       |    82 ||    82
  Dodge: Dodged            |    13 |    65 |   140 |   227 ||   445

Table legend:
 A = Non-vault XP
 B = Vault XP
 C = Vault XP percentage of total XP
 D = Non-vault monster count
 E = Vault monster count
 F = Vault count percentage of total count
                 A         B        C        D         E       F
            +---------+---------+-------+---------+---------+-------
      Total |    7545 |    7608 |  50.2 |     164 |      82 |  33.3
            +---------+---------+-------+---------+---------+-------
        D:1 |      35 |       0 |   0.0 |      19 |       0 |   0.0
        D:2 |      42 |       0 |   0.0 |      13 |       0 |   0.0
        D:3 |      51 |      20 |  28.2 |      17 |      10 |  37.0
        D:4 |     226 |     398 |  63.8 |      20 |      22 |  52.4
        D:5 |     780 |       0 |   0.0 |      22 |       0 |   0.0
        D:6 |     849 |     531 |  38.5 |      11 |      12 |  52.2
        D:7 |     973 |    1027 |  51.3 |      26 |       2 |   7.1
        D:8 |    1661 |       0 |   0.0 |      13 |       0 |   0.0
        D:9 |    2017 |    3394 |  62.7 |      20 |      17 |  45.9
       D:10 |     911 |    2238 |  71.1 |       3 |      19 |  86.4
            +---------+---------+-------+---------+---------+-------
